 Dungeon Crawl Stone Soup version 0.19.1 (webtiles) character file.

650 Leibowitz the Cutter (level 7, -4/58 HPs)
             Began as a Demigod Fighter on Nov 23, 2016.
             Killed by divine providence
             ... invoked by an orc priest
              (15 damage)
             ... on level 5 of the Dungeon.
             The game lasted 00:17:42 (5188 turns).

Leibowitz the Cutter (Demigod Fighter)              Turns: 5188, Time: 00:17:44

Health: -4/58      AC:  4    Str: 19    XL:     7   Next: 6%
Magic:  10/10      EV: 10    Int: 12    God:
Gold:   337        SH: 10    Dex: 19    Spells: 0 memorised, 6 levels left

rFire  . . .     SeeInvis .     a - +1 rapier
rCold  . . .     Gourm    .     e - +0 robe
rNeg   . . .     Faith    .     c - +0 shield
rPois  .         Spirit   .     t - +1 hat
rElec  .         Reflect  .     (no cloak)
rCorr  +         Harm     .     (no gloves)
MR     .....                    h - +0 pair of boots
Stlth  ++++......               (no amulet)
                                o - ring of resist corrosion
                                k - ring of stealth

@: no status effects
A: hooves 1, blink, high mp 2
a: Blink


You were on level 5 of the Dungeon.
You were not hungry.

You visited 1 branch of the dungeon, and saw 5 of its levels.

You collected 337 gold pieces.

Inventory:

Hand Weapons
 a - a +1 rapier (weapon)
Missiles
 m - 22 poisoned needles
 x - 7 needles of paralysis
Armour
 c - a +0 shield (worn)
 e - a +0 robe (worn)
 h - a +0 pair of boots (worn)
 t - a +1 hat (worn)
Jewellery
 k - a ring of stealth (left hand)
 o - a ring of resist corrosion (right hand)
Wands
 d - a wand of iceblast (14/15)
 y - a wand of digging (8/24)
Scrolls
 b - a scroll of remove curse
 g - 3 scrolls of teleportation
 p - a scroll of blinking
 u - a scroll of enchant weapon
Potions
 i - a potion of brilliance
 l - a potion of flight
 q - 2 potions of haste
 s - a potion of heal wounds
 w - a potion of mutation
 C - a potion of berserk rage
 E - a potion of curing
Comestibles
 f - 4 bread rations
 j - 2 beef jerkies
 n - 3 meat rations
 r - 3 fruits
 v - 2 chunks of flesh
 D - a slice of pizza


   Skills:
 + Level 3.9 Fighting
 + Level 4.4 Short Blades
 + Level 2.8 Armour
 + Level 1.9 Dodging
 * Level 3.9 Stealth
 + Level 3.6 Shields


You had 6 spell levels left.
You didn't know any spells.

Dungeon Overview and Level Annotations

Branches:
Dungeon (5/15)             Temple (0/1) D:5

Annotations:
D:5 Sigmund


Innate Abilities, Weirdness & Mutations

You have a considerably increased reservoir of magic. (+20% MP)
You have large cloven feet.
You can translocate small distances at will.


Message History

You kill the orc priest!
The orc hits you with a short sword of protection.
You hit the orc priest but do no damage.
You block the orc priest's attack. You block the orc's attack.
You hit the orc priest.
The orc priest is lightly wounded.
You block the orc priest's attack. You block the orc's attack.
The orc hits you with a falchion. The orc priest hits you.
You hit the orc priest but do no damage.
The orc priest is lightly wounded.
The orc closely misses you. You block the orc's attack.
The orc priest hits you.
* * * LOW HITPOINT WARNING * * *
You hit the orc priest but do no damage.
The orc priest is lightly wounded.
You block the orc's attack. The orc hits you with a falchion.
* * * LOW HITPOINT WARNING * * *
The orc priest mumbles some strange prayers to Beogh against you.
Beogh smites you!
You die...

*,*****,,,***,,,,,........######*
*,,**,,,,,,,,,*#.#*#............,
**,**,,,*******#.# #............,
,,,,,,,** #.###............,
**,,**,* #.##.......#,,,,,,
**,**,**** #.#..##...##,,,,,,
##*,,,,,.,** #.#.#####..#,,,,,,
.##*,,,*#..#####.#.#......#,,,,,,
...,,****#..oo.#@..#.##...#,,,,,,
#*,*** ****#.ooo......#...#****
##.* ####).......###.### ...*
#....#.######*,.# ###*
#####.#....##***,,,##
###.......#...#*,,,,,,*******
###..............,,,,,,,**,,,,,
###.............###,,.,,,,**,,,,,
.....##.##.[###.####..,,,,**,,,,,


You could see an orc priest and 2 orcs.

Vanquished Creatures
  A sky beast (D:5)
  Blork the orc (D:5)
  A howler monkey (D:4)
  The ghost of tape the Firebug, a weakling DEFE (D:3)
  An orc wizard (D:3)
  3 orc priests
  A hound (D:4)
  A bullfrog skeleton (D:3)
  Ijyb (D:2)
  A worker ant (D:4)
  6 adders
  3 oozes
  4 worms
  4 leopard geckos
  16 orcs
  12 bats
  5 giant cockroaches
  9 goblins
  9 hobgoblins
  10 jackals
  2 quokkas
  2 ball pythons
  3 frilled lizards
  A jackal skeleton (D:5)
  6 kobolds
  8 rats
112 creatures vanquished.

Notes
Turn   | Place    | Note
-------+----------+-------------------------------------------
     0 | D:1      | Leibowitz the Demigod Fighter began the quest for the Orb.
     0 | D:1      | Reached XP level 1. HP: 18/18 MP: 3/3
   257 | D:1      | Reached XP level 2. HP: 20/25 MP: 4/4
   382 | D:1      | Reached skill level 1 in Stealth
   449 | D:1      | Reached skill level 2 in Short Blades
   943 | D:2      | Reached XP level 3. HP: 24/30 MP: 5/5
  1188 | D:2      | Reached skill level 1 in Dodging
  1659 | D:2      | Reached XP level 4. HP: 21/38 MP: 6/6
  2312 | D:2      | Noticed Ijyb
  2326 | D:2      | Killed Ijyb
  2690 | D:3      | Noticed tape's ghost (weakling DEFE)
  3009 | D:3      | Reached skill level 3 in Short Blades
  3009 | D:3      | Reached XP level 5. HP: 15/45 MP: 7/7
  3954 | D:3      | Killed tape's ghost
  4213 | D:3      | HP: 1/45 [something/magic dart (5)]
  4219 | D:3      | Reached XP level 6. HP: 16/51 MP: 8/8
  4623 | D:4      | Gained mutation: You can translocate small distances at will. [potion of mutation]
  4623 | D:4      | Gained mutation: You have a considerably increased reservoir of magic. (+20% MP) [potion of mutation]
  4623 | D:4      | Gained mutation: You have large cloven feet. [potion of mutation]
  4975 | D:5      | Entered Level 5 of the Dungeon
  4979 | D:5      | Reached skill level 4 in Short Blades
  4987 | D:5      | Noticed Blork the orc
  4990 | D:5      | Killed Blork the orc
  5079 | D:5      | Noticed Sigmund
  5179 | D:5      | Reached XP level 7. HP: 29/58 MP: 10/10
  5188 | D:5      | Killed from afar by an orc priest

Skill      XL: |  1  2  3  4  5  6 |
---------------+-------------------+-----
Stealth        | 1 2 3 |  3.9
Short Blades   | 2 3 4 |  4.4
Shields        | 3 |  3.6
Dodging        | 1 |  1.9
Fighting       | 3 |  3.9
Armour         | |  2.8

Action                   |  1- 3 |  4- 6 |  7- 9 || total
-------------------------+-------+-------+-------++-------
Melee: Rapier            |   134 |   300 |     8 ||   442
       Kick              |       |    17 |       ||    17
  Use: Potion            |       |     7 |       ||     7
       Scroll            |       |     9 |       ||     9
 Stab: Sleeping          |     8 |    11 |       ||    19
       Distracted        |       |     2 |       ||     2
  Eat: Chunk             |     2 |    12 |       ||    14
Armor: Robe              |    23 |    37 |     1 ||    61
Dodge: Dodged            |    39 |    94 |     2 ||   135
Block: Shield            |    63 |   118 |     8 ||   189
